 Dungeon Crawl Stone Soup version 0.30.1 (webtiles) character file.

Game seed: 4818070255860774866

4148 monsoonserge the Conjurer (level 9, -2/71 HPs)
             Began as a Demigod Conjurer on July 6, 2023.
             Slain by a yak (10 damage)
             ... on level 8 of the Dungeon.
             The game lasted 00:30:18 (7406 turns).

monsoonserge the Conjurer (Demigod Conjurer)        Turns: 7406, Time: 00:30:19

Health: -2/71      AC: 14    Str:  8    XL:     9   Next: 80%
Magic:  1/18       EV: 13    Int: 32    God:
Gold:   333        SH:  0    Dex: 12    Spells: 6/16 levels left

rFire   . . .        a - +3 falchion (freeze)
rCold   . . .        (no shield)
rNeg    . . .        V - +0 steam dragon scales
rPois   .            f - +2 helmet
rElec   .            T - +2 cloak
rCorr   .            R - +0 pair of gloves
SInv    .            I - +0 pair of boots
Will    .....        C - amulet of the acrobat
Stlth   +++          W - ring of flight
HPRegen 0.31/turn    (no ring)
MPRegen 0.16/turn

%: acrobat
@: flying
A: high MP 1, forlorn, divine attributes
a: no special abilities


You were on level 8 of the Dungeon.
You visited 2 branches of the dungeon, and saw 9 of its levels.

You collected 520 gold pieces.
You spent 187 gold pieces at shops.

Inventory:

Hand Weapons
 a - a +3 falchion of freezing (weapon)
 b - a +0 arbalest
Missiles
 q - 8 atropa-tipped darts
 z - 21 poisoned darts (quivered)
 H - 5 javelins
Armour
 f - a +2 helmet (worn)
 o - +0 acid dragon scales
 I - a +0 pair of boots (worn)
 O - a +0 kite shield
 R - a +0 pair of gloves (worn)
 T - a +2 cloak (worn)
 V - +0 steam dragon scales (worn)
Jewellery
 l - an amulet of guardian spirit
 v - a ring of fire
 C - an amulet of the acrobat (around neck)
 M - a ring of fire
 W - a ring of flight (left hand)
Wands
 G - a wand of flame (75)
 N - a wand of digging (4)
 Y - a wand of iceblast (9)
Scrolls
 e - 3 scrolls of summoning {unknown}
 g - 7 scrolls of identify {unknown}
 h - a scroll of immolation {unknown}
 j - 2 scrolls of fear {unknown}
 p - 2 scrolls of amnesia {unknown}
 s - a scroll of magic mapping {unknown}
 t - 5 scrolls of teleportation {unknown}
 y - a scroll of brand weapon {unknown}
 A - a scroll of poison {unknown}
 B - a scroll of acquirement {unknown}
 D - a scroll of vulnerability {unknown}
 K - a scroll of fog {unknown}
 Q - 2 scrolls of noise {unknown}
 U - a scroll of enchant armour {unknown}
Potions
 c - a potion of might {unknown}
 d - a potion of ambrosia {unknown}
 i - a potion of degeneration {unknown}
 m - 2 potions of flight {unknown}
 n - 2 potions of brilliance {unknown}
 r - a potion of haste
 u - a potion of curing {unknown}
 w - 2 potions of mutation {unknown}
 E - a potion of cancellation {unknown}
 F - a potion of heal wounds {unknown}
 J - 4 potions of lignification {unknown}
 L - 2 potions of magic
 P - 2 potions of invisibility {unknown}


   Skills:
 + Level 4.1 Fighting
 + Level 0.8(2.9) Short Blades
 + Level 4.5 Long Blades
 + Level 5.1 Ranged Weapons
 + Level 0.1 Throwing
 - Level 4.0 Armour
 + Level 4.8 Dodging
 + Level 4.5 Stealth
 - Level 4.0 Spellcasting
 + Level 5.6 Conjurations
 * Level 3.9 Hexes


You had 6 spell levels left.
You knew the following spells:

 Your Spells              Type           Power      Damage    Failure   Level
a - Magic Dart            Conj           100%       1d8       1%          1
b - Searing Ray           Conj           84%        2d7       1%          2
c - Dazzling Flash        Conj/Hex       74%        N/A       2%          3
d - Fulminant Prism       Conj/Hex       18%        3d10      8%          4

Your spell library contained the following spells:

 Spells                   Type           Power      Damage    Failure   Level
 Sting                    Tmut/Pois      24%        1d4       5%          1
 Portal Projectile        Hex/Tloc       38%        N/A       8%          3
 Poisonous Vapours        Pois/Air       12%        N/A       9%          2
 Iskenderun's Mystic Bla  Conj/Tloc      24%        2d7       19%         4
 Olgreb's Toxic Radiance  Pois           6%         N/A       50%         4
 Discord                  Hex            15%        N/A       100%        8


Dungeon Overview and Level Annotations

Branches:
Dungeon (8/15)             Temple (1/1) D:4
   Lair: D:8-11

Shops:
D:4 *   D:6 *   D:7 [

Annotations:
D:3 1 runed translucent door, Perinia's ghost, amateur HOFi


Innate Abilities, Weirdness & Mutations

You have an increased reservoir of magic. (+10% MP)
You shall have no god before yourself.
Your divine heritage dramatically boosts your attributes as you level up.


Message History

The blast of energy engulfs the yak!!
You kill the yak!
The blast of energy engulfs the yak!!
The yak is severely wounded.
The blast of energy engulfs the yak!!
The yak is severely wounded.
Casting: Fulminant Prism (dangerous; 8% risk of failure)
Confirm with . or Enter, or press ? or * to list all spells.
Aiming: Fulminant Prism (dangerous; 8% risk of failure)
Press: ? - help, Dir - move target You conjure a prism of explosive energy!
A fulminant prism comes into view.
The yak completely misses you. The yak gores you.
* * * LOW HITPOINT WARNING * * *
The yak barely misses you.
You hit the yak. You freeze the yak.
The yak is almost dead.
The yak gores you.
* * * LOW HITPOINT WARNING * * *
The yak barely misses you. The yak misses you.
Your fulminant prism crackles loudly.
Unknown command.
You hit the yak. You freeze the yak.
The yak is almost dead.
The yak gores you but does no damage. The yak gores you.
* * * LOW HITPOINT WARNING * * *
The yak closely misses you.
Your fulminant prism explodes!
The blast of energy engulfs the yak!
The yak is almost dead.
The blast of energy engulfs the yak!
The yak is severely wounded.
Okay, then.
You closely miss the yak.
The yak is almost dead.
The yak barely misses you. The yak misses you. The yak closely misses you.
You slash the yak! You freeze the yak.
You kill the yak!
The yak gores you!
You die...

##########
###############
#.........
..............##
#.........
...............##
#.........
...........$....#
#[........
.......<........#
#####.##.<
................#
#.....
..:..♣♣♣♣♣††Y...#
###### ###.
♣@Y...## #
♣......### ..
♣........ ..#
..♣♣♣♣♣♣.......#
....#
.................
..#(.
..............##.
.#...
..............#
.....
........<.....# ..
###
............)#####
#..###


You could see 2 yaks.

Vanquished Creatures
  Pikel (D:6)
  Grinder (D:6)
  3 yaks (D:8)
  A steam dragon (D:7)
  An acid dragon (D:7)
  3 water moccasins
  Duvessa (D:6)
  An orc warrior (D:5)
  3 ice beasts
  3 ogres
  A sky beast (D:7)
  A kobold brigand (D:8)
  2 bullfrogs
  A scorpion (D:5)
  5 wights (D:8)
  Dowan (D:6)
  6 killer bees (D:7)
  A howler monkey (D:5)
  2 jellies
  3 orc priests
  4 hounds
  4 iguanas
  5 sleepcaps
  Jessica (D:2)
  5 orc wizards
  4 gnolls
  16 adders
  A shadow imp (D:7)
  A white imp (D:6)
  2 worms
  5 dart slugs
  23 orcs
  9 ball pythons
  5 bats
  11 endoplasms
  5 giant cockroaches
  4 goblins
  10 hobgoblins
  5 jackals (D:2)
  13 kobolds
  3 quokkas
  5 rats
182 creatures vanquished.

Vanquished Creatures (others)
  2 fulminant prisms (D:8)
2 creatures vanquished.

Grand Total: 184 creatures vanquished

Notes
Turn   | Place    | Note
-------+----------+-------------------------------------------
     0 | D:1      | monsoonserge the Demigod Conjurer began the quest for the
                  | Orb.
     0 | D:1      | Reached XP level 1. HP: 14/14 MP: 5/5
   434 | D:1      | Reached XP level 2. HP: 20/20 MP: 4/7
   437 | D:1      | Learned a level 2 spell: Searing Ray
   997 | D:2      | Reached XP level 3. HP: 26/26 MP: 3/8
  1405 | D:2      | Learned a level 3 spell: Dazzling Flash
  1612 | D:2      | Noticed Jessica
  1658 | D:2      | Killed Jessica
  1659 | D:2      | Reached XP level 4. HP: 33/33 MP: 5/10
  1853 | D:3      | Reached skill level 1 in Hexes
  2090 | D:3      | Found a runed translucent door.
  2090 | D:3      | Noticed Perinia's ghost (amateur HOFi)
  2113 | D:3      | Reached XP level 5. HP: 38/38 MP: 11/11
  2707 | D:4      | Found Nuhial's Elemental Accessories.
  2773 | D:4      | Reached skill level 1 in Long Blades
  2773 | D:4      | Reached skill level 1 in Armour
  2840 | D:4      | Noticed an ice beast
  2848 | D:4      | Killed an ice beast
  2849 | D:4      | Reached XP level 6. HP: 46/46 MP: 3/12
  3042 | D:4      | Found a staircase to the Ecumenical Temple.
  3053 | Temple   | Entered the Ecumenical Temple
  3426 | D:5      | Entered Level 5 of the Dungeon
  3739 | D:5      | Reached XP level 7. HP: 34/51 MP: 2/14
  3838 | D:5      | Reached skill level 1 in Fighting
  4435 | D:6      | Noticed Pikel
  4784 | D:5      | Reached XP level 8. HP: 29/59 MP: 10/16
  4904 | D:6      | Killed Pikel
  4905 | D:6      | Reached skill level 5 in Conjurations
  5129 | D:6      | Reached skill level 1 in Ranged Weapons
  5316 | D:6      | Noticed Grinder
  5330 | D:6      | Paralysed by Grinder for 2 turns
  5381 | D:6      | Killed Grinder
  5530 | D:6      | Found Duitupoely's Serpentskin Sales.
  5534 | D:6      | Reached XP level 9. HP: 68/68 MP: 13/18
  5625 | D:6      | Noticed Duvessa
  5626 | D:6      | Noticed Dowan
  5635 | D:6      | Killed Duvessa
  5641 | D:6      | Killed Dowan
  6086 | D:7      | Got the Exposition on Enchantment
  6092 | D:7      | Learned a level 4 spell: Fulminant Prism
  6732 | D:7      | Found Piliyh's Antique Armour Emporium.
  6736 | D:7      | Bought a runed helmet for 187 gold pieces
  7308 | D:8      | Reached skill level 5 in Ranged Weapons
  7406 | D:8      | Slain by a yak

Illustrated notes

Levels and vault maps discovered:
D:1:      scummos_arrival_simple_crosswalls, layout_basic, serial_forest,
          infiniplex_forest_end_double, infiniplex_forest_lined_3,
          infiniplex_forest_clump_long, infiniplex_forest_clump_C,
          infiniplex_forest_zigzag_1, infiniplex_forest_lined_1,
          infiniplex_forest_lined_3_way, minmay_pentomino_r2
D:2:      layout_basic, minmay_pentomino_pile, uniq_jessica
D:3:      layout_loops_cross, vehumet_crystals, hellmonk_ghost_happy_afterlife
D:4:      layout_loops_ring, minmay_temple_entry_junction,
          nicolae_elemental_shop
D:5:      layout_basic, overflow_temple_1_default, overflow_temple_1_default
D:6:      layout_rooms, guppyfry_shop_venom, uniq_pikel, uniq_grinder,
          uniq_duvessa
D:7:      layout_loops_ring, serial_shops, shop
D:8:      layout_rooms, nrook_campfire
Temple:   nicolae_temple_two_arcs

Skill      XL: |  1  2  3  4  5  6  7  8  9 |
---------------+----------------------------+-----
Dodging        | 2 3 4 |  4.8
Conjurations   | 4 5 |  5.6
Spellcasting   | 2 3 4 |  4.0
Stealth        | 2 3 4 |  4.5
Hexes          | 1 2 3 |  3.9
Long Blades    | 1 2 3 4 |  4.5
Armour         | 1 2 3 4 |  4.0
Fighting       | 1 2 4 |  4.1
Ranged Weapons | 2 5 |  5.1
Short Blades   | |  0.8
Throwing       | |  0.1

Action                     |  1- 3 |  4- 6 |  7- 9 || total
---------------------------+-------+-------+-------++-------
  Melee: Spear             |     9 |       |       ||     9
         Dagger            |     1 |       |       ||     1
         Short sword       |    28 |       |     6 ||    34
         Scimitar          |    21 |    40 |    21 ||    82
         Falchion          |       |       |     8 ||     8
   Fire: Arbalest          |       |       |    66 ||    66
  Throw: Dart              |       |       |     1 ||     1
   Cast: Magic Dart        |    31 |     1 |     1 ||    33
         Searing Ray       |    16 |    32 |    62 ||   110
         Fulminant Prism   |       |       |     2 ||     2
         Dazzling Flash    |       |       |     2 ||     2
   Stab: Sleeping          |     2 |     7 |       ||     9
         Invisible         |       |       |     1 ||     1
 Armour: Robe              |    17 |       |       ||    17
         Leather armour    |       |    17 |    17 ||    34
         Steam dragon scal |       |       |    16 ||    16
  Dodge: Dodged            |    49 |    51 |   179 ||   279
